 Dungeon Crawl Stone Soup version 0.29-a0-330-g52719c12eb (webtiles) character file.

Game seed: 1123307811422596384

56 kae the Firebug (level 3, 0/19 HPs)
             Began as a Tengu Fire Elementalist on Apr 14, 2022.
             Slain by an adder (1 damage)
             ... on level 3 of the Dungeon.
             The game lasted 00:00:48 (2785 turns).

kae the Firebug (Tengu Fire Elementalist)           Turns: 2785, Time: 00:00:49

Health: 0/19       AC:  3    Str:  8    XL:     3   Next: 97%
Magic:  2/7        EV: 12    Int: 17    God:
Gold:   134        SH:  0    Dex: 14    Spells: 4/7 levels left

rFire   . . .      SeeInvis .   (no weapon)
rCold   . . .      Faith    .   (no shield)
rNeg    . . .      Spirit   .   a - +1 robe
rPois   .          Reflect  .   (helmet restricted)
rElec   .          Harm     .   (no cloak)
rCorr   .          Rampage  .   (no gloves)
Will    .....                   (boots unavailable)
Stlth   ++........              (no amulet)
HPRegen 0.06/turn               (no ring)
MPRegen 0.10/turn               (no ring)

@: lethally poisoned (0 -> -13), very slightly contaminated
A: beak, talons 3
a: no special abilities


You were on level 3 of the Dungeon.
You visited 1 branch of the dungeon, and saw 3 of its levels.

You collected 134 gold pieces.

Inventory:

Armour
 a - a +1 robe (worn)
Potions
 b - a potion of magic
 c - a potion of flight
 e - 2 potions of degeneration
 f - 3 potions of curing {unknown}
 g - a potion of might {unknown}
 j - a potion of haste {unknown}


   Skills:
 - Level 2.1 Dodging
 - Level 2.0 Stealth
 + Level 2.5 Spellcasting
 + Level 2.6 Conjurations
 * Level 4.4 Fire Magic


You had 4 spell levels left.
You knew the following spells:

 Your Spells              Type           Power      Damage    Failure   Level
a - Foxfire               Conj/Fire      56%        2x1d6     4%          1
b - Scorch                Fire           34%        2d7       4%          2

Your spell library contained the following spells:

 Spells                   Type           Power      Damage    Failure   Level
 Conjure Flame            Conj/Fire      14%        6-21      13%         3
 Inner Flame              Hex/Fire       9%         N/A       22%         3
 Flame Wave               Conj/Fire      14%        2d6       41%         4


Dungeon Overview and Level Annotations

Branches:
Dungeon (3/15)

Altars:


Innate Abilities, Weirdness & Mutations

You have a beak for a mouth.
You have claws for feet.


Message History

You are very lightly contaminated with residual magic.
Nothing appears to happen.
Casting: Foxfire (safe; 4% risk of failure)
Confirm with . or Enter, or press ? or * to list all spells.
You miscast Foxfire.
Nothing appears to happen.
Casting: Foxfire (safe; 4% risk of failure)
Confirm with . or Enter, or press ? or * to list all spells.
You conjure some foxfire!
The foxfire hits the adder.
The adder is moderately wounded.
The foxfire hits the dart slug.
The dart slug is lightly wounded.
The adder bites you.
You are poisoned.
The adder poisons you!
Casting: Foxfire (safe; 4% risk of failure)
Confirm with . or Enter, or press ? or * to list all spells.
You conjure some foxfire!
You feel sick. The adder barely misses you.
You feel sick.
The foxfire hits the dart slug.
The dart slug is heavily wounded.
The foxfire hits the dart slug.
The dart slug is severely wounded.
The adder bites you.
You are lethally poisoned!
The adder poisons you!
Casting: Foxfire (safe; 4% risk of failure)
Confirm with . or Enter, or press ? or * to list all spells.
You conjure some foxfire!
You feel sick. The adder closely misses you. The adder bites you.
* * * LOW HITPOINT WARNING * * *
You are more poisoned.
The adder poisons you!
* * * LOW HITPOINT WARNING * * *
You feel very sick.
The foxfire hits the dart slug.
You kill the dart slug!
The foxfire hits the adder.
The adder is severely wounded.
The adder bites you.
You die...

##.###
#....#
#$...#
.....#
#...:#
#....####
#S.......
#@†..#
#....§§####
...##....
#####. ##


You could see an adder.

Vanquished Creatures
  An adder (D:2)
  A worm (D:2)
  2 dart slugs
  6 ball pythons (D:2)
  A bat (D:2)
  3 endoplasms
  4 giant cockroaches
  2 goblins (D:1)
  3 hobgoblins
  4 jackals (D:2)
  3 kobolds
  A quokka (D:2)
  A frilled lizard (D:1)
  5 rats
37 creatures vanquished.

Vanquished Creatures (others)
  190 foxfires
190 creatures vanquished.

Grand Total: 227 creatures vanquished

Notes
Turn   | Place    | Note
-------+----------+-------------------------------------------
     0 | D:1      | kae the Tengu Fire Elementalist began the quest for the
                  | Orb.
     0 | D:1      | Reached XP level 1. HP: 10/10 MP: 4/4
   322 | D:1      | Reached XP level 2. HP: 15/15 MP: 3/6
  1626 | D:2      | Learned a level 2 spell: Scorch
  1716 | D:2      | Reached skill level 4 in Fire Magic
  1716 | D:2      | Reached XP level 3. HP: 19/19 MP: 4/7
  2603 | D:2      | Found a faded altar of an unknown god.
  2785 | D:3      | Slain by an adder

Illustrated notes

Levels and vault maps discovered:
D:1:      psy_arrival_conway, layout_basic
D:2:      layout_rooms, shapermc_ecumenical_altar_ellora
D:3:      layout_rooms

Skill      XL: |  1  2 |
---------------+-------+-----
Conjurations   | 2 |  2.6
Fire Magic     | 4 |  4.4
Dodging        | |  2.1
Stealth        | |  2.0
Spellcasting   | |  2.5

Action                   || total
-------------------------++-------
Melee: Unarmed           ||     6
       Kick              ||     1
       Peck              ||     1
 Cast: Foxfire           ||   115
  Use: Scroll            ||     6
Armor: Robe              ||     5
Dodge: Dodged            ||    22

Table legend: (Time is in decaauts)
 A = Elapsed time spent in this place.
 B = Non-inter-level travel time spent in this place.
 C = Inter-level travel time spent in this place.
 D = Time resting spent in this place.
 E = Time spent auto-exploring this place.
 F = Levels seen in this place.
 G = Mean time per level.
                   A        B        C        D        E       F      G
               +--------+--------+--------+--------+--------+-----+--------+
         Total |   2789 |   2694 |     95 |      0 |   2365 |   3 |  929.7 |
       Dungeon |   2789 |   2694 |     95 |      0 |   2365 |   3 |  929.7 |
               +--------+--------+--------+--------+--------+-----+--------+

Top non-repeatable levels by time:
     D:1: 1620 daAuts
     D:2: 1160 daAuts
     D:3: 7 daAuts
